[Event "Prague Open 2024"]
[Site "Prague"]
[Date "2024.01.08"]
[Round "5.1"]
[White "Mis, Mieszko"]
[Black "Agdestein, Simen"]
[Result "1-0"]
[ECO "B23"]
[WhiteElo "2301"]
[BlackElo "2568"]
[Annotator "TA"]
[PlyCount "85"]
[EventDate "2024.01.02"]
[EventType "swiss"]
[EventCountry "CZE"]
[SourceTitle "playchess.com"]
[Source "ChessBase"]
[SourceQuality "1"]
[TimeControl "40/5400+30:1800+30"]

1. e4 c5 2. Nc3 e6 3. d4 cxd4 4. Qxd4 Nc6 5. Qd3 a6 6. Bf4 {[%emt 0:00:17] B23: Closed Sicilian: Lines without g3.} Nge7 {[%emt 0:06:41] [#]} (6... b5 $11) 7. Bd6 $146 ({Predecessor:} 7. O-O-O Ng6 8. Bd6 Qg5+ 9. Kb1 Bxd6 10. Qxd6 Qe5 11. Qd2 b5 12. Nf3 Qc5 13. h4 {1-0 Tari,A (2672)-Jakubowski,K (2459) Chess.com Rapid Wk21 Swiss 2022 (2)}) 7... Ng6 8. Bxf8 {[%emt 0:03:02] White is slightly better.} Rxf8 9. O-O-O b5 10. h4 Qc7 11. h5 Nge7 12. Nf3 (12. h6 $5 g5 13. Qd2 $11) 12... h6 13. Rh4 f6 $1 14. Qe3 Qa7 15. Qd2 Rf7 ({Black should play} 15... Kf7 $11) 16. Kb1 Kf8 17. Rf4 Qb8 18. Rg4 Ra7 19. Nh4 {[%emt 0:01:07] White is much more active. The black rooks are badly placed.} b4 20. Na4 d5 21. Ng6+ (21. exd5 $16 Rd7 22. Bc4 (22. d6 Nd5 $14) 22... exd5 23. Bb3) 21... Nxg6 $11 22. hxg6 Rfd7 23. Nc5 (23. exd5 $1 $11 {feels stronger.} Rxd5 24. Bd3) 23... Rd8 $15 {[%emt 0:00:12] And now ...dxe4 would win.} 24. Qe2 Re7 25. Rg3 Qb6 26. Na4 (26. Nxa6 $2 Ra7 27. Nxb4 (27. exd5 $2 Bxa6 28. Qe3 Qa5 $19) 27... Qxb4 28. exd5 exd5 $19) 26... Qa5 27. b3 dxe4 (27... Qc7 $15) 28. Rxd8+ $11 Qxd8 29. Qxe4 Nd4 30. Qa8 Rc7 31. Bc4 {[%emt 0:01:07] aiming for Rd3.} Ke7 32. Rd3 e5 33. Nb6 (33. Bxa6 $2 {is the wrong capture.} Nxc2 34. a3 (34. Rxd8 {gets mated.} Na3+ 35. Kb2 Rc2+ 36. Ka1 Rc1+ 37. Kb2 Rb1#) 34... Nxa3+ 35. Ka2 Rc2+ 36. Ka1 Qa5 $19) 33... Bb7 34. Qa7 (34. Qxd8+ $11 Kxd8 35. f3) 34... Kf8 ({Reject} 34... Be4 $6 35. Qxa6 Rb7 36. Na4 $11) ({Better is} 34... Bxg2 $17 35. Qxa6 Rb7) 35. Rd2 Re7 36. f4 $40 {[%emt 0:01:54][%mdl 128] [#] Threatens to win with fxe5. White attacks.} Be4 $2 {[%emt 0:01:32] This move loses the game for Black.} (36... exf4 $2 37. Na4 $18) (36... Qd6 $14) 37. Qxa6 $18 {[%emt 0:00:25] Hoping for fxe5.} Qd6 (37... Bxc2+ {is a better chance.} 38. Rxc2 Nxc2 39. Kxc2 Qd4) 38. fxe5 Rxe5 39. Qc8+ Ke7 {[%emt 0:00:10] [#]} 40. Rxd4 $1 {[%emt 0:01:11][%mdl 576] Deflection. White mates.} Qxd4 (40... Bxc2+ 41. Kxc2) 41. Qc7+ {[%emt 0:30:15][%mdl 64] Skewer} Ke8 42. Bf7+ Kf8 43. Nd7+ {[%emt 0:00:16] A superb game by Mis.   Weighted Error Value: White=0.12 (very precise) /Black=0.49} 1-0

[Event "Prague Open 2024"]
[Site "Prague"]
[Date "2024.01.08"]
[Round "5.2"]
[White "Morchiashvili, Bachana"]
[Black "Sowinski, Pawel"]
[Result "0-1"]
[ECO "E15"]
[WhiteElo "2295"]
[BlackElo "2357"]
[Annotator "RC"]
[PlyCount "96"]
[EventDate "2024.01.02"]
[EventType "swiss"]
[EventCountry "CZE"]
[SourceTitle "playchess.com"]
[Source "ChessBase"]
[SourceQuality "1"]
[TimeControl "40/5400+30:1800+30"]

1. d4 Nf6 2. Nf3 e6 3. c4 b6 4. g3 Ba6 5. Qc2 c5 6. Bg2 Nc6 7. dxc5 Bxc5 8. O-O O-O 9. a3 d5 10. cxd5 exd5 11. Nc3 d4 12. Ne4 d3 13. Nxf6+ Qxf6 14. exd3 Rac8 15. Bg5 Qf5 16. Qd2 h6 17. Be3 Bxe3 18. Qxe3 Rfe8 19. Qd2 Red8 20. Rfc1 Rxd3 21. Qe1 Qd7 22. Rxc6 Rxc6 23. Ne5 Re6 24. Nxd7 Rxe1+ 25. Rxe1 Rxd7 26. Re8+ Kh7 27. Be4+ g6 28. h4 Kg7 29. Bf3 Bc4 30. Ra8 Kf6 31. Kg2 h5 32. b4 Ke5 33. Rc8 Kd4 34. Bc6 Re7 35. Bf3 b5 36. Bc6 Re6 37. Bb7 Rb6 38. Rd8+ Kc3 39. Bd5 Kb3 40. Rd7 Bxd5+ 41. Rxd5 Kxa3 42. Rd4 Rc6 43. Kf3 Rc4 44. Rd7 a6 45. Rd6 Rxb4 46. Rxa6+ Ra4 47. Rf6 b4 48. Rxf7 b3 0-1

[Event "Prague Open 2024"]
[Site "Prague"]
[Date "2024.01.08"]
[Round "5.3"]
[White "Neuman, Petr"]
[Black "Tobak, Mikhail"]
[Result "0-1"]
[ECO "A26"]
[WhiteElo "2398"]
[BlackElo "2288"]
[Annotator "ChessBase"]
[PlyCount "72"]
[EventDate "2024.01.02"]
[EventType "swiss"]
[EventCountry "CZE"]
[SourceTitle "playchess.com"]
[Source "ChessBase"]
[SourceQuality "1"]
[TimeControl "40/5400+30:1800+30"]

1. c4 e5 2. Nc3 Nc6 3. g3 g6 4. Bg2 Bg7 5. d3 d6 6. e3 f5 7. Nge2 Nf6 8. O-O O-O 9. b3 h5 10. e4 f4 11. gxf4 Ng4 12. f3 exf4 13. d4 Ne3 14. Bxe3 fxe3 15. Nd5 Qh4 16. Qd3 Nxd4 17. Nxd4 c6 18. Nxe3 Be5 19. f4 Rxf4 20. Rxf4 Qxf4 21. Nf1 Bg4 22. Rd1 Bxd1 23. Qxd1 Rf8 24. Nf3 Qxe4 25. Nxe5 Qxe5 26. Qd3 Kg7 27. h3 Rf4 28. Ne3 Qd4 29. Qxd4+ Rxd4 30. b4 Rd3 31. Kf2 Rd2+ 32. Kg3 Rxa2 33. b5 cxb5 34. cxb5 Ra3 35. Kf4 Ra4+ 36. Kg5 Ra5 0-1

[Event "Prague Open 2024"]
[Site "Prague"]
[Date "2024.01.08"]
[Round "5.4"]
[White "Grave, Jacob Templen"]
[Black "Pyrig, Roman"]
[Result "1/2-1/2"]
[ECO "D30"]
[WhiteElo "2296"]
[BlackElo "2154"]
[Annotator "RC"]
[PlyCount "76"]
[EventDate "2024.01.02"]
[EventType "swiss"]
[EventCountry "CZE"]
[SourceTitle "playchess.com"]
[Source "ChessBase"]
[SourceQuality "1"]
[TimeControl "40/5400+30:1800+30"]

1. d4 d5 2. c4 e6 3. Nf3 Nf6 4. g3 Bb4+ 5. Nbd2 dxc4 6. Bg2 c6 7. a3 Ba5 8. Qc2 b5 9. O-O Bb7 10. b3 Bxd2 11. Nxd2 cxb3 12. Nxb3 Nbd7 13. a4 b4 14. a5 Rc8 15. Bd2 Nd5 16. a6 Ba8 17. e4 Nc3 18. Bxc3 bxc3 19. e5 O-O 20. Qxc3 c5 21. Bb7 Rc7 22. dxc5 Bxb7 23. axb7 Rxb7 24. c6 Rc7 25. Rfd1 Qe7 26. Qa5 Nb8 27. Nd4 Nxc6 28. Nxc6 Rxc6 29. Qxa7 Qg5 30. Qd4 h5 31. h4 Qf5 32. Ra2 Rfc8 33. Re2 Rc4 34. Qd3 Qh3 35. Red2 Rc1 36. Qf3 Rxd1+ 37. Rxd1 g6 38. Qf4 Qf5 1/2-1/2

[Event "Prague Open 2024"]
[Site "Prague"]
[Date "2024.01.08"]
[Round "5.5"]
[White "Wang, Yukun"]
[Black "Xie, Felix"]
[Result "1/2-1/2"]
[ECO "B40"]
[WhiteElo "2117"]
[BlackElo "2249"]
[Annotator "RC"]
[PlyCount "79"]
[EventDate "2024.01.02"]
[EventType "swiss"]
[EventCountry "CZE"]
[SourceTitle "playchess.com"]
[Source "ChessBase"]
[SourceQuality "1"]
[TimeControl "40/5400+30:1800+30"]

1. e4 c5 2. Nf3 e6 3. d4 cxd4 4. Nxd4 Nf6 5. Nc3 Nc6 6. Ndb5 Bc5 7. Bf4 O-O 8. Bc7 Qe7 9. Bd6 Bxd6 10. Qxd6 Qd8 11. Qd2 d5 12. exd5 Nxd5 13. Nxd5 exd5 14. O-O-O a6 15. Nd4 Qf6 16. f3 Re8 17. h4 Bd7 18. Nb3 Rac8 19. a3 Ne5 20. Kb1 h6 21. Nd4 Bf5 22. Nxf5 Qxf5 23. h5 Rc6 24. Rh4 Nc4 25. Bxc4 dxc4 26. Qc3 b5 27. Rg4 Qf6 28. Rdd4 Rce6 29. Ka2 Re3 30. Qd2 Qe6 31. Rge4 Rxe4 32. Rxe4 Qc6 33. Rd4 Qc5 34. Rd5 Qg1 35. Rd8 Rxd8 36. Qxd8+ Kh7 37. Qd7 Qxg2 38. Qf5+ Kg8 39. Qc8+ Kh7 40. Qf5+ 1/2-1/2

[Event "Prague Open 2024"]
[Site "Prague"]
[Date "2024.01.08"]
[Round "5.6"]
[White "Krstic, Andrija Marko"]
[Black "Eliseev, Sergey"]
[Result "0-1"]
[ECO "D10"]
[WhiteElo "2113"]
[BlackElo "2232"]
[Annotator "RC"]
[PlyCount "159"]
[EventDate "2024.01.02"]
[EventType "swiss"]
[EventCountry "CZE"]
[SourceTitle "playchess.com"]
[Source "ChessBase"]
[SourceQuality "1"]
[TimeControl "40/5400+30:1800+30"]

1. d4 d5 2. c4 c6 3. Nc3 Nf6 4. e3 Bf5 5. cxd5 cxd5 6. Qb3 Nc6 7. Qxb7 Bd7 8. Qb3 Rb8 9. Qd1 e5 10. dxe5 Nxe5 11. Nf3 Bd6 12. Be2 Nxf3+ 13. Bxf3 Qc7 14. h3 O-O 15. O-O Rfd8 16. Qe2 Bh2+ 17. Kh1 Be5 18. Rd1 Bxc3 19. bxc3 Qxc3 20. Bd2 Qa3 21. Be1 Bb5 22. Qd2 Rdc8 23. Rdc1 Bc4 24. Qd4 Rc6 25. Bc3 Rbc8 26. Bb2 Qe7 27. a4 h6 28. a5 Kh7 29. Bg4 Rg8 30. Bf5+ Kh8 31. Rc2 Ne4 32. Rac1 Nd6 33. Bd3 Ra6 34. Bxc4 dxc4 35. Ba3 Rd8 36. Rd2 Qc7 37. Bb4 Rc6 38. Bc3 f6 39. Qf4 Nf7 40. Rxd8+ Qxd8 41. Qe4 Rc8 42. Qe6 Ng5 43. Qf5 Qe8 44. Bd4 Rc7 45. Qd5 Qc8 46. Rc3 a6 47. Kg1 Ne6 48. Bb6 Rc6 49. Kf1 Nf8 50. Qd8 Qxd8 51. Bxd8 Nd7 52. Ke2 Kg8 53. Rc1 Kf7 54. Rb1 Nc5 55. Bb6 Nb3 56. Rb2 c3 57. Rc2 Na1 58. Rc1 Nb3 59. Rc2 Na1 60. Rc1 c2 61. Kd3 f5 62. Bd4 Nb3 63. Rxc2 Nc1+ 64. Kd2 Nb3+ 65. Kd3 Rxc2 66. Kxc2 Nxa5 67. Bc3 Nb7 68. Kb3 g5 69. Kc4 Ke6 70. f3 h5 71. g3 Nd6+ 72. Kc5 a5 73. Bb2 g4 74. hxg4 hxg4 75. fxg4 fxg4 76. Kd4 Kf5 77. Kc5 Ne4+ 78. Kb5 Nxg3 79. Kxa5 Ne4 80. Kb5 0-1

[Event "Prague Open 2024"]
[Site "Prague"]
[Date "2024.01.08"]
[Round "5.7"]
[White "Lilliehook, Victor"]
[Black "Stanojevic, Ilija"]
[Result "0-1"]
[ECO "B32"]
[WhiteElo "1934"]
[BlackElo "2206"]
[Annotator "RC"]
[PlyCount "112"]
[EventDate "2024.01.02"]
[EventType "swiss"]
[EventCountry "CZE"]
[SourceTitle "playchess.com"]
[Source "ChessBase"]
[SourceQuality "1"]
[TimeControl "40/5400+30:1800+30"]

1. e4 c5 2. Nf3 Nc6 3. d4 cxd4 4. Nxd4 e5 5. Nb5 d6 6. N5c3 Nf6 7. Bg5 Be7 8. Bxf6 Bxf6 9. Nd5 O-O 10. Nbc3 Be6 11. Bc4 Bg5 12. O-O Rc8 13. Bb3 Nd4 14. Qd3 a6 15. Rad1 Kh8 16. f4 Nxb3 17. axb3 exf4 18. Nxf4 Bxf4 19. Rxf4 Qg5 20. Rf2 Rfd8 21. Nd5 Qe5 22. c4 b5 23. Qd4 Rc5 24. Ne3 bxc4 25. bxc4 a5 26. Rfd2 h5 27. b3 Rb8 28. Rb2 Qxd4 29. Rxd4 a4 30. b4 a3 31. Ra2 Rxb4 32. Rxa3 Bxc4 33. Ra1 g6 34. Re1 Ra4 35. Rxd6 Be6 36. Nd1 Kg7 37. Nf2 Rc2 38. Rd3 Raa2 39. Rf3 Bg4 40. Nxg4 Rxg2+ 41. Kh1 hxg4 42. Rg3 Rxh2+ 43. Kg1 f5 44. Rf1 Rh5 45. Rb1 Rah2 46. Rb7+ Kf6 47. exf5 gxf5 48. Rb8 R5h3 49. Rxh3 Rxh3 50. Rf8+ Kg5 51. Rg8+ Kf4 52. Ra8 Rb3 53. Ra5 Kg3 54. Rxf5 Rb1+ 55. Rf1 Rxf1+ 56. Kxf1 Kh2 0-1

[Event "Prague Open 2024"]
[Site "Prague"]
[Date "2024.01.08"]
[Round "5.8"]
[White "Mohylnyi, Stepan"]
[Black "Piotraschke, Jens"]
[Result "1-0"]
[ECO "B19"]
[WhiteElo "2180"]
[BlackElo "2056"]
[Annotator "RC"]
[PlyCount "123"]
[EventDate "2024.01.02"]
[EventType "swiss"]
[EventCountry "CZE"]
[SourceTitle "playchess.com"]
[Source "ChessBase"]
[SourceQuality "1"]
[TimeControl "40/5400+30:1800+30"]

1. e4 c6 2. d4 d5 3. Nc3 dxe4 4. Nxe4 Bf5 5. Ng3 Bg6 6. h4 h6 7. Nf3 Nd7 8. h5 Bh7 9. Bd3 Bxd3 10. Qxd3 Qc7 11. Bd2 e6 12. Qe2 Ngf6 13. c4 Bd6 14. Nf5 O-O 15. Nxd6 Qxd6 16. Rh4 Rfe8 17. Bc3 b5 18. Ne5 bxc4 19. Qxc4 Nd5 20. Kf1 Rac8 21. Re1 Qe7 22. g3 N7b6 23. Qb3 c5 24. dxc5 Qxc5 25. Bd4 Qc2 26. Kg2 Qxb3 27. axb3 f6 28. Nd3 Kf7 29. Ra1 Rc7 30. b4 e5 31. Bc5 e4 32. Nf4 e3 33. fxe3 Nxe3+ 34. Kf3 Nec4 35. Rh2 Ne5+ 36. Kg2 Rd8 37. Kh3 Nd3 38. Nxd3 Rxd3 39. Re2 Rd5 40. Kh4 Rdd7 41. b3 Nc8 42. Re3 Ne7 43. g4 Nd5 44. Rd3 Nb6 45. Rxd7+ Rxd7 46. Ra6 Rb7 47. Kg3 Rd7 48. Bxb6 axb6 49. Rxb6 f5 50. gxf5 Rd3+ 51. Kf4 Rxb3 52. b5 Rb1 53. Ke5 Re1+ 54. Kd5 Rf1 55. Re6 Rxf5+ 56. Re5 Rf1 57. Kc6 Kf6 58. Rc5 Re1 59. b6 g6 60. hxg6 Kxg6 61. b7 Re8 62. Kb6 1-0

[Event "Prague Open 2024"]
[Site "Prague"]
[Date "2024.01.08"]
[Round "5.9"]
[White "Poetsch, Hagen"]
[Black "Tolmacevs, Artjoms"]
[Result "1-0"]
[ECO "B90"]
[WhiteElo "2471"]
[BlackElo "1928"]
[Annotator "TA"]
[PlyCount "79"]
[EventDate "2024.01.02"]
[EventType "swiss"]
[EventCountry "CZE"]
[SourceTitle "playchess.com"]
[Source "ChessBase"]
[SourceQuality "1"]
[TimeControl "40/5400+30:1800+30"]

1. e4 c5 2. Nf3 d6 3. d4 cxd4 4. Nxd4 Nf6 5. Nc3 a6 6. Nb3 e6 {[%emt 0:05:12] B90: Sicilian Najdorf: Unusual White 6th moves, 6 Be3 Ng4 and 6 Be3 e5.} 7. g4 Be7 8. g5 Nfd7 {[%emt 0:00:17] White is slightly better.} 9. h4 b5 10. a3 Bb7 {[%emt 0:00:47] [#]} 11. Bf4 $146 ({Predecessor:} 11. Be3 Ne5 12. f4 Nc4 13. Bxc4 bxc4 14. Nd4 Nd7 15. h5 Nc5 16. Qf3 Qb6 17. Rb1 {½-½ Bodnaruk,A (2364)-Obolentseva,A (2313) RUS GP Blitz Final (Women) 2022 (3)}) 11... e5 (11... Nc6 $11) 12. Be3 $14 f5 (12... Nc6 $142) 13. Nd5 $16 f4 14. Bd2 $36 {[%emt 0:02:38][%mdl 2048] And now Ba5 would win. Black is under strong pressure.} Nb6 15. Ba5 {[%emt 0:10:23] White is much more active.} Bxd5 (15... N8d7 $142) 16. exd5 $18 N8d7 17. Bd3 (17. Bh3 $6 Qc7 $16) 17... g6 18. h5 Bxg5 (18... Rg8 $142 19. Nd2 Qc8) 19. hxg6 {[%emt 0:01:03] g7 would be deadly.} Qe7 (19... f3 $142 20. Qxf3 Qf6 21. Qxf6 Bxf6 22. gxh7 Nc4) 20. Rxh7 (20. gxh7 O-O-O 21. Bf5 Kb7 22. Bxb6 Nxb6 23. Na5+ Ka8 $18) 20... Rxh7 21. gxh7 O-O-O 22. Bf5 Kb7 23. Qg4 Bf6 24. O-O-O Bh8 25. Re1 Rf8 (25... Qf7 $142 26. Rh1 Rf8) 26. Bxb6 Nxb6 {[%emt 0:00:06] Black is weak on the light squares} 27. Na5+ Kc7 28. Be4 (28. Nc6 Qf7 $18) 28... Nd7 29. Qh3 f3 30. Rg1 {[%emt 0:03:42] aiming for Rg8.} ({Less strong is} 30. Bxf3 Qg5+ 31. Kd1 Nc5 $16) 30... Qf6 31. Nb3 {[%emt 0:02:07] Kb1 is the strong threat.} Nb6 $2 (31... Qf4+ 32. Nd2 Nf6 33. Bxf3 e4) 32. Nd2 Nc4 (32... Nd7 $142 33. Rg6 Qf7 34. Qxf3 Qxf3 35. Nxf3 Nf6) 33. Nxc4 (33. Bxf3 $2 {is the wrong capture.} Qf4 34. Rd1 Nxd2 35. Rxd2 Qxf3 36. Qxf3 Rxf3 $19) 33... bxc4 34. Rg8 {[%emt 0:00:59] Strongly threatening Qf1.} c3 35. Kb1 {[%emt 0:02:18] Hoping for Qf1.} cxb2 {[%emt 0:00:34] [#]} 36. Qxf3 $1 Qh6 (36... Qxf3 37. Bxf3) 37. Qc3+ {[%emt 0:00:12] White mates.} (37. Qxf8 $2 {is a self mate.} Qc1+ 38. Ka2 b1=Q#) 37... Kd7 {[%emt 0:00:39] [#]} 38. Bf5+ $1 Rxf5 (38... Ke7 39. Qc7+) 39. Qc6+ Ke7 40. Qe8+ {[%emt 0:00:06] Black did not feel at home in the position after the opening. Magnificent play by Poetsch!   Weighted Error Value: White=0.34/Black=0.60} 1-0

[Event "Prague Open 2024"]
[Site "Prague"]
[Date "2024.01.08"]
[Round "5.10"]
[White "Taborsky, Rostislav"]
[Black "Ivanov, Mike"]
[Result "0-1"]
[ECO "A51"]
[WhiteElo "2100"]
[BlackElo "2356"]
[Annotator "RC"]
[PlyCount "120"]
[EventDate "2024.01.02"]
[EventType "swiss"]
[EventCountry "CZE"]
[SourceTitle "playchess.com"]
[Source "ChessBase"]
[SourceQuality "1"]
[TimeControl "40/5400+30:1800+30"]

1. d4 Nf6 2. c4 e5 3. e3 Bb4+ 4. Bd2 Bxd2+ 5. Qxd2 exd4 6. exd4 O-O 7. Bd3 d5 8. Nc3 Be6 9. cxd5 Bxd5 10. f3 Nbd7 11. Nge2 Nb6 12. O-O-O Re8 13. Nf4 Qd6 14. Rhe1 Nc4 15. Bxc4 Bxc4 16. d5 Rxe1 17. Rxe1 Rd8 18. b3 Ba6 19. Kb2 b5 20. Qd4 c6 21. b4 Bc8 22. a3 h6 23. Qe5 Qd7 24. Rd1 Re8 25. dxc6 Rxe5 26. cxd7 Bxd7 27. Nfd5 Be6 28. Nxf6+ gxf6 29. Rd2 Bc4 30. Ne4 Kg7 31. Nc5 Re3 32. Rf2 Kg6 33. f4 Kf5 34. g3 h5 35. Rc2 h4 36. gxh4 Rh3 37. a4 Rxh4 38. axb5 Bxb5 39. Nb3 Kxf4 40. Rf2+ Ke5 41. Ka3 f5 42. Nd2 Rh3+ 43. Kb2 Bc6 44. Nc4+ Ke6 45. Re2+ Be4 46. b5 Kd5 47. Ne3+ Kd4 48. Nd1 Kc4 49. Rf2 Kb4 50. Kc1 Kxb5 51. Kd2 Kb4 52. Ne3 Rh5 53. h4 a5 54. Rf4 Kb3 55. Nd1 a4 56. Nc3 a3 57. Nxe4 fxe4 58. Rxf7 a2 59. Ra7 Rxh4 60. Rb7+ Kc4 0-1

[Event "Prague Open 2024"]
[Site "Prague"]
[Date "2024.01.08"]
[Round "5.11"]
[White "Samborski, Henryk"]
[Black "Berin, Artem"]
[Result "0-1"]
[ECO "E08"]
[WhiteElo "2079"]
[BlackElo "2327"]
[Annotator "TA"]
[PlyCount "76"]
[EventDate "2024.01.02"]
[EventType "swiss"]
[EventCountry "CZE"]
[SourceTitle "playchess.com"]
[Source "ChessBase"]
[SourceQuality "1"]
[TimeControl "40/5400+30:1800+30"]

1. d4 Nf6 2. Nf3 d5 3. g3 e6 4. Bg2 Be7 5. O-O O-O 6. c4 Nbd7 7. Qc2 a5 {[%emt 0:00:26] E08: Closed Catalan: Main Line: 7 Qc2.} 8. Rd1 h6 9. Nbd2 c5 {[%emt 0:00:14] [#] The position is equal.} 10. e4 $146 ({Predecessor:} 10. cxd5 Nxd5 11. Ne4 b6 12. dxc5 Nxc5 13. Nxc5 Bxc5 14. Bd2 Bb7 15. Bc3 Rc8 16. Qb3 Qe8 17. Bd4 a4 18. Qd3 Nb4 19. Qd2 Rd8 20. Qc3 Nd5 21. Qc2 Nb4 22. Qc3 {½-½ Pubantz,J (2309)-Petrovskiy,V (2413) GER-chT Lands U20 2023 (6)}) 10... cxd4 11. e5 Ng4 12. cxd5 exd5 13. Nb3 {[%emt 0:09:02] Prevents Bc5.} Ngxe5 14. Nbxd4 Nxf3+ 15. Nxf3 Nf6 16. Be3 Bg4 17. h3 Bh5 (17... Rc8 $15 18. Qb3 Be6 19. Qxb7 Rb8) 18. Qb3 $11 Qd6 19. Rd4 Rfd8 20. Bf4 (20. Nh4 $11 {keeps the balance.}) 20... Qa6 $1 $17 21. g4 Bg6 22. Ne5 (22. Rc1 $142) 22... a4 23. Qd1 {[%emt 0:04:22] [#]} Be4 24. Rc1 a3 25. b4 Bxg2 (25... Rac8 $142 26. Bxe4 Rxc1 27. Bh7+ Kxh7 28. Bxc1 Rc8) 26. Kxg2 Rac8 27. Qb3 Qe2 {[%emt 0:05:09] Strongly threatening ...Rxc1.} 28. Qxa3 Ra8 (28... Rxc1 $17 29. Qxc1 Ne4) 29. Qd3 $15 Rxa2 30. Qxe2 Rxe2 31. Nd3 {[%emt 0:00:58] [#]} Ne4 $1 {[%emt 0:02:12] aiming for ...Bf6.} 32. Kf1 Ra2 {[%emt 0:00:11] Black is more active.} 33. Rc7 $2 {[%emt 0:00:30][%mdl 8192] White does not recover from this.} (33. Bc7 $17 Rd7 34. Ne5) 33... Bf6 $19 34. Be5 Bxe5 {[%emt 0:00:08][%mdl 64] Deflection} 35. Nxe5 Rxf2+ 36. Ke1 Rh2 {[%emt 0:02:13] ...Ra8 would be deadly.} 37. Rxf7 Ra8 {[%emt 0:00:10] ( -> ...Ra1+)} 38. Rf1 Ng3 {[%emt 0:00:44] Weighted Error Value: White=0.69/Black=0.11 (very precise)} (38... Ra1+ $142 39. Rd1 Raa2 40. Rd3 Nc3 41. Rf8+ {[%mdl 64] Decoy} Kxf8 42. Rf3+ Kg8 43. Rf8+ {[%mdl 64] Decoy} Kxf8 44. Nd7+ Ke7 45. Kf1 Rh1#) 0-1

[Event "Prague Open 2024"]
[Site "Prague"]
[Date "2024.01.08"]
[Round "5.12"]
[White "Keller, Peter"]
[Black "Krivanek, Vladimir"]
[Result "1-0"]
[ECO "B06"]
[WhiteElo "2289"]
[BlackElo "2091"]
[Annotator "RC"]
[PlyCount "87"]
[EventDate "2024.01.02"]
[EventType "swiss"]
[EventCountry "CZE"]
[SourceTitle "playchess.com"]
[Source "ChessBase"]
[SourceQuality "1"]
[TimeControl "40/5400+30:1800+30"]

1. e4 g6 2. d4 Bg7 3. Nc3 a6 4. Be3 b5 5. Qd2 Bb7 6. f3 d6 7. h4 h6 8. O-O-O Nd7 9. Nh3 c5 10. dxc5 Nxc5 11. Bd4 e5 12. Be3 Bf8 13. Nxb5 Nxe4 14. fxe4 axb5 15. Bxb5+ Ke7 16. Qb4 Rc8 17. Rd2 Nf6 18. Nf2 Qc7 19. Rhd1 Ne8 20. g4 Kf6 21. Qb3 Kg7 22. g5 hxg5 23. hxg5 Rh4 24. Rf1 Kg8 25. a4 Ng7 26. Rd3 Ne6 27. Rc3 Qd8 28. Rxc8 Bxc8 29. Bc4 Be7 30. Bb6 Bxg5+ 31. Kb1 Qe8 32. a5 Bd8 33. a6 d5 34. exd5 Bxb6 35. dxe6 Bxe6 36. Qxb6 Rxc4 37. Rd1 Kg7 38. a7 Qa4 39. b3 Rb4 40. Qxb4 Qxb4 41. a8=Q Bxb3 42. Nd3 Qb5 43. cxb3 Qxb3+ 44. Nb2 1-0

[Event "Prague Open 2024"]
[Site "Prague"]
[Date "2024.01.08"]
[Round "5.13"]
[White "Svobodova, Michaela"]
[Black "Vojta, Jakub"]
[Result "0-1"]
[ECO "B13"]
[WhiteElo "1979"]
[BlackElo "2261"]
[Annotator "RC"]
[PlyCount "88"]
[EventDate "2024.01.02"]
[EventType "swiss"]
[EventCountry "CZE"]
[SourceTitle "playchess.com"]
[Source "ChessBase"]
[SourceQuality "1"]
[TimeControl "40/5400+30:1800+30"]

1. e4 c6 2. d4 d5 3. exd5 cxd5 4. Bd3 Nc6 5. c3 Nf6 6. h3 e5 7. dxe5 Nxe5 8. Nf3 Nxd3+ 9. Qxd3 Bd6 10. O-O O-O 11. Bg5 h6 12. Bh4 g5 13. Bg3 Bxg3 14. fxg3 Ne4 15. Nd4 Qd6 16. g4 Qb6 17. Nd2 f5 18. Nxe4 dxe4 19. Qc4+ Kg7 20. Rae1 Rf6 21. Kh1 Be6 22. Nxe6+ Qxe6 23. Qxe6 Rxe6 24. gxf5 Ree8 25. g4 Rad8 26. Re2 e3 27. Kg2 Re4 28. Rfe1 Rd3 29. Kf3 Rf4+ 30. Kg3 Re4 31. Rc2 Kf6 32. Kf3 Ke5 33. Ke2 Rd8 34. Rd1 Rxd1 35. Kxd1 Rf4 36. c4 Ke4 37. Rc3 Rf1+ 38. Ke2 Rf2+ 39. Ke1 Rxb2 40. Rb3 Rxa2 41. Rxb7 Kf3 42. Rb1 Rh2 43. Kd1 Rh1+ 44. Kc2 Rxb1 0-1

[Event "Prague Open 2024"]
[Site "Prague"]
[Date "2024.01.08"]
[Round "5.15"]
[White "Brnusak, Tomas"]
[Black "Bezdek, Tomas"]
[Result "1-0"]
[ECO "C17"]
[WhiteElo "2229"]
[BlackElo "2022"]
[Annotator "RC"]
[PlyCount "82"]
[EventDate "2024.01.02"]
[EventType "swiss"]
[EventCountry "CZE"]
[SourceTitle "playchess.com"]
[Source "ChessBase"]
[SourceQuality "1"]
[TimeControl "40/5400+30:1800+30"]

1. e4 e6 2. d4 d5 3. Nc3 Bb4 4. e5 c5 5. Bd2 Ne7 6. a3 Bxc3 7. Bxc3 b6 8. h4 Ba6 9. Bxa6 Nxa6 10. Qe2 Nb8 11. Nf3 Qc7 12. h5 h6 13. a4 Nd7 14. O-O Rc8 15. a5 O-O 16. Rfe1 Nc6 17. g4 cxd4 18. Bxd4 Nxa5 19. c3 Nb3 20. Rad1 Ndc5 21. Kh1 Ne4 22. Be3 Qc4 23. Qc2 f5 24. exf6 Rxf6 25. Ne5 Qc7 26. Ng6 Nbc5 27. Bd4 Rxg6 28. hxg6 Qf4 29. f3 Qxf3+ 30. Qg2 Rf8 31. Qxf3 Rxf3 32. Kh2 Rf4 33. Rg1 Nf6 34. Rdf1 Rxf1 35. Rxf1 Nxg4+ 36. Kg3 Nf6 37. Bxc5 bxc5 38. Ra1 Kf8 39. Rxa7 Ne4+ 40. Kf4 Ng5 41. Ke5 c4 1-0

[Event "Prague Open 2024"]
[Site "Prague"]
[Date "2024.01.08"]
[Round "5.16"]
[White "Garsky, Vladyslav"]
[Black "Kirtadze, Anastasia"]
[Result "0-1"]
[ECO "B44"]
[WhiteElo "2186"]
[BlackElo "1981"]
[Annotator "RC"]
[PlyCount "116"]
[EventDate "2024.01.02"]
[EventType "swiss"]
[EventCountry "CZE"]
[SourceTitle "playchess.com"]
[Source "ChessBase"]
[SourceQuality "1"]
[TimeControl "40/5400+30:1800+30"]

1. e4 c5 2. Nf3 e6 3. d4 cxd4 4. Nxd4 Nc6 5. Bf4 d6 6. Nxc6 bxc6 7. Bd3 Nf6 8. O-O Be7 9. c4 e5 10. Be3 O-O 11. Nc3 Be6 12. Qe2 Qc7 13. Rfd1 Rad8 14. Rac1 Qb7 15. b3 h6 16. h3 Nd7 17. Qf3 Nc5 18. Bf1 Bg5 19. g3 f5 20. Bxg5 hxg5 21. exf5 Bxf5 22. Qe3 g4 23. h4 Ne6 24. Bg2 Qc7 25. b4 Nd4 26. b5 c5 27. Bd5+ Kh8 28. Ne4 Bxe4 29. Bxe4 Rf6 30. Rd2 Rdf8 31. Qg5 Qd7 32. Rc3 Qf7 33. Bd5 Qd7 34. a4 Nf3+ 35. Bxf3 gxf3 36. Kh2 Qe6 37. a5 Rg6 38. Qe3 Qg4 39. Qe1 Rf4 40. Qh1 Qh5 41. Kg1 Qf5 42. Rdd3 e4 43. Rd5 Qf6 44. Rc1 Qb2 45. Rf1 e3 46. Rg5 e2 47. Re1 Qc3 48. Kh2 Rh6 49. Kh3 Rd4 50. Rf5 Qxe1 51. Qxe1 Rd1 52. Rf8+ Kh7 53. Qc3 e1=Q 54. Qc2+ Rg6 55. Rh8+ Kxh8 56. Qxg6 Qf1+ 57. Kg4 Qxc4+ 58. Kxf3 Qd3+ 0-1